 Dungeon Crawl Stone Soup version 0.17.0-23-g0de4337 (webtiles) character file.

14 Hanyuu the Insei (level 2, -3/18 HPs)
             Began as an Octopode Transmuter on Nov 15, 2015.
             Slain by Terence
             ... wielding a +1 flail of protection
              (6 damage)
             ... on level 2 of the Dungeon.
             The game lasted 00:01:01 (603 turns).

Hanyuu the Insei (Octopode Transmuter)               Turns: 603, Time: 00:01:02

Health: -3/18      AC:  1    Str:  9    XL:     2   Next: 41%
Magic:  4/5        EV: 12    Int: 15    God:
Gold:   67         SH:  0    Dex: 12    Spells: 1 memorised, 4 levels left

rFire  . . .     SeeInvis .       - Unarmed
rCold  . . .     Clarity  .     (no shield)
rNeg   . . .     SustAt   .     (helmet restricted)
rPois  .         Gourm    .     (no amulet)
rElec  .         Spirit   .     (no ring)
rCorr  .         Warding  .     (no ring)
rMut   .         Stasis   .     (no ring)
MR     .....                    (no ring)
Stlth  ++........               (no ring)
                                (no ring)
                                (no ring)
                                (no ring)

@: appendage (expiring), not resistant to hostile enchantments, unstealthy
A: almost no armour, amphibious, 8 rings, constrict 8, tentacle spike 3,
camouflage 1, gelatinous body 1
a: End Transformation


You were on level 2 of the Dungeon.
You were not hungry.
One of your tentacles had a temporary spike.
You visited 1 branch of the dungeon, and saw 2 of its levels.

You collected 67 gold pieces.

Inventory:

Missiles
 a - 12 arrows
 i - 3 tomahawks (quivered)
Scrolls
 d - 2 scrolls of identify {unknown}
 e - a scroll of amnesia {unknown}
 f - a scroll of noise {unknown}
 g - 2 scrolls of remove curse {unknown}
 j - a scroll of blinking {unknown}
Potions
 k - a potion of brilliance {unknown}
Books
 b - a book of Changes

   Spells                             Type                      Level
   a - Beastly Appendage              Transmutation                1
   b - Sticks to Snakes               Transmutation                2
   c - Spider Form                    Transmutation/Poison         3
   d - Ice Form                       Ice/Transmutation            4
   e - Blade Hands                    Transmutation                5
Comestibles
 c - a bread ration
 h - a meat ration


   Skills:
 - Level 1.0 Fighting
 - Level 2.0 Dodging
 + Level 3.7 Unarmed Combat
 - Level 2.0 Spellcasting
 - Level 2.0 Transmutations


You had 4 spell levels left.
You knew the following spells:

 Your Spells              Type           Power        Failure   Level  Hunger
a - Beastly Appendage     Trmt           #.....       12%         1    #......


Dungeon Overview and Level Annotations

Branches:
Dungeon (2/15)

Altars:

Annotations:
D:2 Terence


Innate Abilities, Weirdness & Mutations

You cannot wear most types of armour.
You are amphibious.
You can wear up to eight rings at the same time.
You can use your tentacles to constrict eight enemies at once.
Your skin changes colour to match your surroundings (Stealth).
Your rubbery body absorbs attacks (AC +1).
One of your tentacles bears a large vicious spike.


Message History

You tentacle-slap Terence but do no damage.
You constrict Terence.
Terence hits you with a flail of protection.
You tentacle-slap Terence but do no damage.
Terence is lightly wounded.
You constrict Terence.
Terence hits you with a flail of protection!
Ouch! That really hurt!
* * * LOW HITPOINT WARNING * * *
You are too injured to fight recklessly!
You are too injured to fight recklessly!
You tentacle-slap Terence but do no damage.
Terence is moderately wounded.
Your transformation is almost over.
You constrict Terence, but do no damage.
You tentacle-slap Terence.
Terence is heavily wounded.
You constrict Terence, but do no damage.
Terence hits you with a flail of protection.
You die...

#.<...######.....
#####.#.........#
#.#.........#
#.#.........#
#.#.....>...#
#.#.........#
#.#..)......#
#.#.........+
#.#.......@.#
#...((.(.##@......
########.# ...(...
#.# ....... #..
.......
####.......
....... .......


You could see Terence.

Vanquished Creatures
  2 bats
  2 goblins (D:1)
  3 hobgoblins (D:1)
  A giant cockroach (D:1)
  A giant newt (D:1)
  3 kobolds
12 creatures vanquished.

Notes
Turn   | Place    | Note
--------------------------------------------------------------
     0 | D:1      | Hanyuu the Octopode Transmuter began the quest for the Orb.
     0 | D:1      | Reached XP level 1. HP: 13/13 MP: 3/3
   292 | D:1      | Reached XP level 2. HP: 18/18 MP: 3/5
   592 | D:2      | Noticed Terence
   603 | D:2      | Slain by Terence

Action                   || total
-------------------------++-------
Melee: Unarmed           ||    32
 Cast: Beastly Appendage ||     2
 Stab: Sleeping          ||     1
